Map: Lightshade LE

Players

Pumba - Winner!

  • Race: Zerg Zerg
  • League: Diamond
  • Spawn Location: 11:00

Qoo

  • Race: Protoss Protoss
  • League: Master
  • Spawn Location: 5:00

VOD

Have the link to the VOD?

Description

Time

  • Played on: Aug. 31, 2021, 7:09 p.m.
  • Length: 15:30
Show
View Real Time Build Order
Export as new Build Order

Pumba Zerg - Winner!

Build Orders: Pool First 

Get SALT Encoding   

  12  0:01  Drone  
  13  0:13  Overlord  
  13  0:17  Drone  
  14  0:31  Drone x2  
  17  0:35  Drone  
  17  0:44  Extractor  
  17  0:46  Spawning Pool  
  17  0:49  Drone  
  16  0:56  Drone  
  17  1:08  Drone  
  18  1:18  Hatchery  
  17  1:27  Drone  
  18  1:32  Queen  
  18  1:37  Zergling x2  
  21  1:43  Overlord  
  21  1:55  Metabolic Boost  
  21  1:57  Drone  
  22  2:11  Drone  
  22  2:15  Queen  
  25  2:16  Drone  
  26  2:27  Drone  
  27  2:32  Lair  
  27  2:35  Extractor  
  26  2:38  Drone x2  
  28  2:45  Drone  
  28  2:46  Drone x3  
  28  2:50  Drone  
  33  3:08  Overlord x2  
  33  3:09  Drone x2  
  35  3:25  Queen  
  35  3:26  Drone, Overlord  
  38  3:30  Drone x5  
  43  3:34  Drone  
  43  3:41  Spire  
  43  3:42  Overseer  
  43  3:49  Drone  
  43  3:53  Extractor x2  
  42  3:56  Drone  
  42  3:57  Drone x2  
  42  3:58  Drone x2  
  42  4:01  Drone  
  48  4:10  Hatchery  
  47  4:20  Zergling x8  
  47  4:21  Zergling x2  
  52  4:30  Drone x5  
  57  4:33  Overlord  
  57  4:36  Overlord  
  57  4:51  Queen  
  58  5:00  Mutalisk x4  
  58  5:01  Mutalisk  
  67  5:09  Mutalisk x2  
  67  5:10  Mutalisk  
  71  5:27  Overlord x3  
  73  5:28  Drone x6  
  76  5:44  Overlord  
  76  5:45  Overlord  
  76  5:54  Hatchery  
  75  6:16  Drone x12  
  85  6:20  Drone  
  85  6:21  Extractor  
  85  6:22  Extractor  
  78  6:42  Zerg Flyer Weapons Level 1  
  78  6:47  Drone x4  
  78  6:48  Drone  
  78  6:52  Drone x3  
  86  6:56  Drone x2  
  86  6:57  Overlord x3  
  86  7:01  Extractor x2  
  87  7:04  Corruptor x6  
  87  7:05  Corruptor  
  87  7:07  Hatchery  
  99  7:12  Corruptor x2  
  103  7:17  Corruptor  
  104  7:28  Corruptor x3  
  110  7:37  Drone x3  
  110  7:38  Drone x3  
  110  7:42  Drone  
  110  7:43  Drone x2  
  119  7:45  Corruptor x2  
  119  7:47  Extractor  
  119  7:50  Extractor  
  121  7:57  Corruptor x3  
  127  8:02  Overseer  
  127  8:16  Zergling x28  
  115  8:50  Corruptor x11  
  127  8:58  Evolution Chamber  
  127  8:59  Evolution Chamber  
  127  9:01  Baneling Nest  
  124  9:07  Overlord  
  124  9:08  Overlord x3  
  124  9:09  Corruptor x2  
  128  9:20  Corruptor x4  
  136  9:28  Overseer  
  136  9:29  Drone x2  
  136  9:30  Drone x2  
  136  9:31  Drone x2  
  142  9:34  Zerg Flyer Armor Level 1  
  140  10:12  Zergling x16  
  140  10:13  Zergling x8  
  138  10:31  Zerg Ground Armor Level 1, Centrifugal Hooks, Zerg Melee Weapons Level 1  
  138  10:41  Drone x7  
  138  10:42  Drone x6  
  151  10:46  Overlord x4  
  151  10:50  Hatchery  
  151  10:53  Hatchery  
  147  10:59  Hatchery  
  142  11:11  Baneling  
  142  11:12  Baneling x23  
  142  11:13  Baneling x12  
  142  11:14  Zergling x4, Baneling x3  
  142  11:15  Zergling x12  
  144  11:30  Hatchery x2  
  136  11:39  Zergling x14  
  144  11:40  Zergling x6  
  142  11:51  Zergling x18  
  142  11:52  Zergling x6  
  139  12:03  Zergling x18  
  140  12:09  Zergling x6  
  140  12:15  Zergling x6  
  137  12:20  Zerg Flyer Weapons Level 2  
  133  12:25  Drone x6  
  139  12:33  Baneling x15  
  139  12:34  Baneling x17  
  139  12:35  Zergling x12  
  145  12:40  Baneling  
  145  12:41  Baneling x13  
  145  12:48  Zergling x10  
  145  12:49  Zergling x8  
  154  12:58  Zerg Melee Weapons Level 2, Zerg Ground Armor Level 2  
  147  13:08  Corruptor x5  
  150  13:24  Zergling x16  
  150  13:25  Zergling x10  
  155  13:30  Corruptor x2  
  155  13:31  Corruptor x2  
  162  13:45  Extractor  
  161  13:49  Extractor  
  160  13:59  Corruptor x10  
  180  14:04  Spire  
  180  14:06  Infestation Pit  
  178  14:10  Corruptor x2  
  178  14:13  Corruptor  
  178  14:15  Corruptor  
  186  14:19  Baneling  
  186  14:20  Baneling x8  
  186  14:27  Baneling  
  186  14:28  Baneling x4  
  186  14:37  Drone x2  
  186  14:38  Drone  
  184  14:47  Zergling x16  
  184  14:49  Zergling x14  
  197  15:00  Zergling x6  
Show
View Real Time Build Order
Export as new Build Order

Qoo Protoss 

Build Orders: Nexus First, Carriers 

Get SALT Encoding   

  12  0:00  Probe  
  13  0:13  Probe  
  14  0:24  Pylon  
  14  0:26  Probe  
  15  0:42  Probe (Chrono Boost)  
  16  0:53  Probe (Chrono Boost)  
  17  1:01  Nexus  
  17  1:02  Probe  
  18  1:13  Gateway  
  18  1:16  Probe (Chrono Boost)  
  19  1:22  Assimilator  
  19  1:31  Probe (Chrono Boost)  
  20  1:35  Probe (Chrono Boost)  
  21  1:40  Pylon  
  21  1:45  Probe  
  22  1:58  Probe  
  22  2:01  Cybernetics Core  
  23  2:03  Gateway  
  23  2:06  Zealot  
  25  2:10  Probe (Chrono Boost)  
  26  2:16  Probe (Chrono Boost)  
  26  2:22  Probe (Chrono Boost), Assimilator  
  28  2:26  Probe (Chrono Boost)  
  29  2:31  Probe (Chrono Boost)  
  29  2:33  Probe  
  31  2:42  Stargate  
  31  2:45  Probe x2  
  31  2:51  Adept  
  35  2:56  Assimilator  
  35  2:57  Probe  
  36  3:03  Probe (Chrono Boost)  
  37  3:05  Warp Gate (Chrono Boost)  
  37  3:09  Probe (Chrono Boost)  
  38  3:19  Probe x2 (Chrono Boost)  
  40  3:21  Assimilator  
  40  3:22  Pylon  
  40  3:24  Probe (Chrono Boost)  
  40  3:26  Probe  
  46  3:27  Void Ray  
  46  3:29  Pylon  
  46  3:40  Probe x2  
  48  3:48  Nexus  
  48  3:50  Pylon  
  48  3:52  Probe  
  48  3:54  Probe  
  50  4:04  Fleet Beacon  
  50  4:09  Void Ray  
  50  4:13  Probe  
  50  4:14  Probe  
  56  4:34  Probe x2  
  58  4:41  Stargate  
  58  4:46  Probe  
  58  4:47  Protoss Air Weapons Level 1 (Chrono Boost)  
  58  4:50  Probe  
  60  4:58  Probe  
  61  5:00  Carrier (Chrono Boost)  
  67  5:10  Adept, Probe x2 (Chrono Boost)  
  67  5:11  Probe (Chrono Boost)  
  71  5:26  Probe x2 (Chrono Boost)  
  71  5:27  Probe (Chrono Boost)  
  72  5:30  Shield Battery  
  72  5:31  Shield Battery  
  72  5:32  Probe  
  72  5:34  Shield Battery  
  73  5:36  Carrier (Chrono Boost)  
  73  5:40  Pylon  
  73  5:42  Probe x2  
  81  5:48  Probe, Stargate  
  82  5:52  Pylon  
  82  5:54  Probe  
  82  5:56  Pylon  
  83  5:59  Probe  
  83  6:00  Probe  
  77  6:14  Carrier  
  82  6:23  Probe x2  
  83  6:27  Stalker  
  83  6:38  Probe x3 (Chrono Boost)  
  83  6:45  Carrier  
  90  6:48  Probe (Chrono Boost)  
  90  6:49  Assimilator  
  90  6:51  Assimilator  
  90  6:55  Forge  
  90  7:03  Probe x2  
  92  7:11  Carrier  
  92  7:13  Probe  
  100  7:15  Probe  
  100  7:23  Nexus, Pylon  
  100  7:27  Probe x2  
  102  7:35  Carrier  
  108  7:38  Probe  
  108  7:41  Probe  
  110  7:47  Probe  
  110  7:50  Probe  
  112  7:53  Probe  
  113  7:59  Probe  
  113  8:02  Probe  
  113  8:03  Photon Cannon  
  113  8:04  Protoss Air Weapons Level 2 (Chrono Boost), Photon Cannon  
  115  8:05  Probe  
  115  8:06  Photon Cannon  
  115  8:07  Shield Battery x2  
  116  8:15  Shield Battery  
  116  8:18  Photon Cannon  
  116  8:20  Probe  
  116  8:26  Shield Battery  
  117  8:34  Carrier (Chrono Boost), Probe x2  
  117  8:35  Carrier (Chrono Boost)  
  117  8:39  Carrier (Chrono Boost)  
  107  8:58  Assimilator  
  107  9:02  Photon Cannon  
  107  9:03  Photon Cannon  
  107  9:05  Pylon  
  107  9:06  Probe x3  
  107  9:07  Probe  
  111  9:10  Assimilator  
  111  9:12  Protoss Shields Level 1  
  111  9:13  Twilight Council  
  111  9:20  Gateway  
  111  9:22  Probe x4  
  115  9:34  Probe x2  
  115  9:36  Carrier (Chrono Boost)  
  123  9:41  Shield Battery  
  123  9:42  Shield Battery  
  123  9:43  Carrier (Chrono Boost)  
  123  9:44  Pylon  
  123  9:45  Pylon  
  129  9:46  Carrier  
  135  9:55  Photon Cannon  
  103  10:22  Photon Cannon  
  103  10:33  Carrier  
  109  10:37  Stalker  
  109  10:40  Nexus  
  109  10:41  Pylon  
  111  10:47  Pylon  
  111  10:49  Stalker  
  119  10:50  Carrier  
  119  10:53  Probe  
  126  10:59  Nexus  
  120  11:08  Stargate  
  108  11:33  Photon Cannon  
  108  11:34  Photon Cannon  
  108  11:35  Photon Cannon  
  108  11:36  Shield Battery x2  
  108  11:37  Carrier  
  108  11:38  Shield Battery  
  114  11:41  Assimilator  
  114  11:45  Assimilator  
  114  11:49  Gateway  
  114  11:55  Carrier  
  114  11:56  Zealot  
  119  12:04  Stalker  
  83  12:16  Carrier  
  88  12:33  Probe  
  88  12:34  Probe  
  90  12:39  Nexus  
  90  12:41  Carrier  
  96  12:46  Probe x2  
  96  12:49  Pylon  
  98  12:54  Gateway  
  98  12:56  Pylon  
  98  12:58  Probe x2  
  100  13:09  Pylon  
  100  13:17  Carrier  
  90  13:33  Photon Cannon  
  89  13:44  Probe  
  90  13:59  Nexus  
  90  14:11  Templar Archives  
  90  14:20  Probe x2  
  92  14:28  Photon Cannon  
  92  14:30  Shield Battery  
  92  14:32  Probe  
  92  14:33  Probe  
  92  14:48  Probe x2, Pylon  
  93  14:59  High Templar x2  
  97  15:00  Probe x2  
  97  15:06  Archon  
Tags
 
Add a new tag
Caveats
  • Supply blocks, unpowered buildings, or Contaminate may cause inaccurate times.
  • Supply counts are checked every 10 seconds.